 Dungeon Crawl Stone Soup version 0.27-a0-1065-ge809cff456 (webtiles) character file.

Game seed: 5630235711851727125

55 flotson the Covert (level 3, 0/35 HPs)
             Began as a Gnoll Delver on Apr 22, 2021.
             Succumbed to an adder's poison
             ... on level 2 of the Dungeon.
             The game lasted 00:02:25 (1305 turns).

flotson the Covert (Gnoll Delver)                   Turns: 1305, Time: 00:02:26

Health: 0/35       AC:  3    Str: 12    XL:     3   Next: 93%
Magic:  4/4        EV: 13    Int:  9    God:
Gold:   25         SH:  0    Dex: 13    Spells: 4/4 levels left

rFire    . . .     SeeInvis .   a - +0 hand axe
rCold    . . .     Faith    .   (no shield)
rNeg     . . .     Spirit   .   b - +0 leather armour
rPois    .         Reflect  .   (no helmet)
rElec    .         Harm     .   (no cloak)
rCorr    .         Rampage  .   (no gloves)
Will     .....                  (no boots)
Stlth    ++++......             (no amulet)
HPRegen  0.11/turn              (no ring)
MPRegen  0.09/turn              (no ring)

@: lethally poisoned (0 -> -5)
A: fangs 1, strong nose, distributed training
a: no special abilities


You were on level 2 of the Dungeon.
You visited 1 branch of the dungeon, and saw 4 of its levels.
You also visited: Sewer.

You collected 25 gold pieces.

Inventory:

Hand Weapons
 a - a +0 hand axe (weapon)
Missiles
 h - 23 bolts
 i - 23 arrows
Armour
 b - a +0 leather armour (worn)
Wands
 g - a wand of digging (3)
Scrolls
 c - a scroll of fog
 e - a scroll of teleportation {unknown}
Potions
 d - 3 potions of heal wounds {unknown}
 f - 3 potions of haste
 j - 3 potions of magic {unknown}
 l - 3 potions of brilliance {unknown}


   Skills:
 + Level 6.5 Fighting
 + Level 1.0 Short Blades
 + Level 1.0 Long Blades
 + Level 4.6 Axes
 + Level 1.0 Maces & Flails
 + Level 1.0 Polearms
 + Level 1.0 Staves
 + Level 1.0 Slings
 + Level 1.0 Bows
 + Level 1.0 Crossbows
 + Level 1.0 Throwing
 + Level 1.0 Armour
 + Level 4.6 Dodging
 + Level 9.5 Stealth
 + Level 1.0 Shields
 + Level 1.0 Unarmed Combat
 + Level 1.0 Spellcasting
 + Level 0.7 Conjurations
 + Level 0.7 Hexes
 + Level 0.7 Summonings
 + Level 0.7 Necromancy
 + Level 0.7 Translocations
 + Level 0.7 Transmutations
 + Level 0.7 Fire Magic
 + Level 0.7 Ice Magic
 + Level 0.7 Air Magic
 + Level 0.7 Earth Magic
 + Level 0.7 Poison Magic
 + Level 1.0 Invocations
 + Level 1.0 Evocations


You had 4 spell levels left.
You didn't know any spells.
Your spell library was empty.

Dungeon Overview and Level Annotations

Branches:
Dungeon (5/15)              Sewer (visited)
 Temple: D:4-7

Altars:
Qazlal


Innate Abilities, Weirdness & Mutations

You have very sharp teeth.
Your uncanny sense of smell can sniff out nearby items.
Your experience applies equally to all skills.


Message History

The adder bites you but does no damage. The adder closely misses you.
The adder closely misses you.
Found 13 gold pieces.
Found a stone staircase leading up.
A giant cockroach comes into view.
Found 11 gold pieces.
The river rat seems to regain its courage.
Found 41 gold pieces.
Found a stormy altar of Qazlal.
The adder bites you.
You are poisoned.
The adder poisons you!
An orc comes into view. It is wielding a +0 club.
You feel sick.
Found 17 gold pieces.
You feel sick. The river rat bites you.
You feel sick. The river rat bites you.
* * * LOW HITPOINT WARNING * * *
An orc comes into view.
It is wielding a +0 short sword and wearing a +0 leather armour of poison resistance.
The adder bites you.
* * * LOW HITPOINT WARNING * * *
You are lethally poisoned!
The adder poisons you!
There is a stone staircase leading up here.
* * * LOW HITPOINT WARNING * * *
You feel sick. The giant cockroach closely misses you. The river rat bites you.
* * * LOW HITPOINT WARNING * * *
The adder barely misses you.
You climb upwards.
The gnoll shouts!
A hobgoblin and 2 gnolls come into view.
* * * LOW HITPOINT WARNING * * *
You feel sick.
The gnoll shouts! x2; The hobgoblin shouts!
You hear a bark! x2
Found a stone staircase leading up.
There is a stone staircase leading down here.
A gnoll comes into view. It is wielding a +0 club.
* * * LOW HITPOINT WARNING * * *
You feel sick. The adder misses you.
A jackal comes into view.
You die...

###########..
###..#.#.#.....
. ..............
#.. ....#.##g...
.....#..g..g....
#..grBS.......
.##.###.g##...[
.......@.......
#####.##.###...
#. ... h # .###
.. .. ###


You could see 4 gnolls, an adder and a giant cockroach.

Vanquished Creatures
  4 adders (Sewer)
  2 ball pythons (Sewer)
  2 giant cockroaches
  A goblin (D:4)
  A hobgoblin (D:3)
  A jackal (D:3)
  6 frilled lizards (Sewer)
  8 rats
25 creatures vanquished.

Notes
Turn   | Place    | Note
-------+----------+-------------------------------------------
     0 | D:5      | Reached skill level 9 in Stealth
     0 | D:5      | flotson the Gnoll Delver began the quest for the Orb.
     0 | D:5      | Reached XP level 1. HP: 23/23 MP: 1/1
    31 | D:5      | Noticed an iguana
   251 | D:3      | Noticed an orc priest
   271 | D:3      | Found a glowing drain.
   279 | Sewer    | Entered a sewer
   585 | Sewer    | Reached XP level 2. HP: 29/29 MP: 2/2
   677 | Sewer    | Reached XP level 3. HP: 11/35 MP: 3/3
  1070 | Sewer    | Reached skill level 1 in Invocations
  1104 | Sewer    | Reached skill level 1 in Short Blades
  1104 | Sewer    | Reached skill level 1 in Long Blades
  1104 | Sewer    | Reached skill level 1 in Maces & Flails
  1104 | Sewer    | Reached skill level 1 in Polearms
  1104 | Sewer    | Reached skill level 1 in Staves
  1104 | Sewer    | Reached skill level 1 in Slings
  1104 | Sewer    | Reached skill level 1 in Bows
  1104 | Sewer    | Reached skill level 1 in Crossbows
  1104 | Sewer    | Reached skill level 1 in Throwing
  1104 | Sewer    | Reached skill level 1 in Armour
  1104 | Sewer    | Reached skill level 1 in Shields
  1104 | Sewer    | Reached skill level 1 in Unarmed Combat
  1104 | Sewer    | Reached skill level 1 in Spellcasting
  1104 | Sewer    | Reached skill level 1 in Evocations
  1297 | D:3      | Found a stormy altar of Qazlal.
  1304 | D:2      | HP: 1/35 [poisoned by an adder]
  1305 | D:2      | Succumbed to an adder's poison

Illustrated notes

Levels and vault maps discovered:
D:2:      layout_basic, serial_curves, eino_curves_01, eino_curves_01
D:3:      layout_rooms, amcnicky_altar_gilded, portal_sewer_entry_b,
          minmay_misc_feat_hallway, serial_bayou_pond_c, chequers_avenue,
          minmay_misc_feat_more_columns, uniq_grinder, uniq_terence
D:4:      layout_gridville, minmay_temple_entry_glassed_door
D:5:      minmay_razor_zed, layout_loops_ring, gammafunk_temple_overflow_statue

Skill      XL: |  1  2  3 |
---------------+----------+-----
Stealth        | |  9.5
Invocations    | 1 |  1.0
Short Blades   | 1 |  1.0
Long Blades    | 1 |  1.0
Maces & Flails | 1 |  1.0
Polearms       | 1 |  1.0
Staves         | 1 |  1.0
Slings         | 1 |  1.0
Bows           | 1 |  1.0
Crossbows      | 1 |  1.0
Throwing       | 1 |  1.0
Armour         | 1 |  1.0
Shields        | 1 |  1.0
Unarmed Combat | 1 |  1.0
Spellcasting   | 1 |  1.0
Evocations     | 1 |  1.0
Fighting       | |  6.5
Axes           | |  4.6
Dodging        | |  4.6
Conjurations   | |  0.7
Hexes          | |  0.7
Summonings     | |  0.7
Necromancy     | |  0.7
Translocations | |  0.7
Transmutations | |  0.7
Fire Magic     | |  0.7
Ice Magic      | |  0.7
Air Magic      | |  0.7
Earth Magic    | |  0.7
Poison Magic   | |  0.7

Action                   || total
-------------------------++-------
Melee: Hand axe          ||    74
       Bite              ||     4
  Use: Scroll            ||     3
 Stab: Distracted        ||     1
       Sleeping          ||     5
Armor: Leather armour    ||    20
Dodge: Dodged            ||    69

Table legend: (Time is in decaauts)
 A = Elapsed time spent in this place.
 B = Non-inter-level travel time spent in this place.
 C = Inter-level travel time spent in this place.
 D = Time resting spent in this place.
 E = Time spent auto-exploring this place.
 F = Levels seen in this place.
 G = Mean time per level.
                   A        B        C        D        E       F      G
               +--------+--------+--------+--------+--------+-----+--------+
         Total |   1374 |   1374 |      0 |    510 |    528 |   5 |  274.8 |
       Dungeon |    307 |    307 |      0 |      0 |    153 |   4 |   76.8 |
         Sewer |   1066 |   1066 |      0 |    510 |    375 |   1 | 1066.0 |
               +--------+--------+--------+--------+--------+-----+--------+

Top non-repeatable levels by time:
   Sewer: 1066 daAuts
     D:4: 158 daAuts
     D:5: 76 daAuts
     D:3: 72 daAuts
     D:2: 1 daAuts
